 Dungeon Crawl Stone Soup version 0.18.1-50-g88ac8fd (webtiles) character file.

40 Amnesiac the Charlatan (level 3, -14/17 HPs)
             Began as a Vine Stalker Artificer on July 6, 2018.
             Killed themself with a badly aimed iceblast (18 damage)
             ... on level 3 of the Dungeon.
             The game lasted 00:02:29 (446 turns).

Amnesiac the Charlatan (Vine Stalker Artificer)      Turns: 446, Time: 00:02:30

Health: -14/17     AC:  3    Str: 14    XL:     3   Next: 50%
Magic:  0/6        EV: 11    Int: 12    God:
Gold:   14         SH:  0    Dex: 14    Spells: 0 memorised, 2 levels left

rFire  . . .     SeeInvis .     a - +0 short sword
rCold  . . .     Gourm    .     b - +0 leather armour
rNeg   . . .     Faith    .     (no shield)
rPois  .         Spirit   +     (no helmet)
rElec  .         Dismiss  .     (no cloak)
rCorr  .         Reflect  .     (no gloves)
SustAt .         Harm     .     (no boots)
MR     .....                    (no amulet)
Stlth  ++........               (no ring)
                                (no ring)

@: not resistant to hostile enchantments, unstealthy
A: fangs 2, regeneration 1, magic shield, antimagic bite, no device heal 3, rot
immunity
a: no special abilities


You were on level 3 of the Dungeon.
You were not hungry.

You visited 1 branch of the dungeon, and saw 3 of its levels.

You collected 14 gold pieces.

Inventory:

Hand Weapons
 a - a +0 short sword (weapon)
Missiles
 i - 18 poisoned needles
 j - 30 stones (quivered)
Armour
 b - a +0 leather armour (worn)
Wands
 c - a wand of flame (15/48)
 d - a wand of enslavement (14/24)
 e - a wand of random effects (14/48)
Scrolls
 g - a scroll of enchant weapon {!r, unknown}
 k - a scroll of identify {!r, unknown}
Potions
 h - a potion of degeneration {!q, unknown}
 l - a potion of haste {!q, unknown}
Comestibles
 f - a bread ration


   Skills:
 - Level 0.8 Fighting
 * Level 1.7 Short Blades
 - Level 1.5 Dodging
 + Level 1.7 Stealth
 * Level 3.5 Evocations


You had 2 spell levels left.
You didn't know any spells.

Dungeon Overview and Level Annotations

Branches:
Dungeon (3/15)

Altars:


Innate Abilities, Weirdness & Mutations

You have extremely sharp teeth.
Your natural rate of healing is unusually fast.
When hurt, damage is shared between your health and your magic reserves.
Your bite disrupts and absorbs the magic of your enemies.
Potions and wands cannot restore your health.
You are immune to rotting.


Message History

You closely miss the giant cockroach.
The giant cockroach is severely wounded.
The giant cockroach barely misses you. The giant cockroach closely misses you.
You hit the giant cockroach.
The giant cockroach is almost dead.
The giant cockroach bites you but does no damage.
You barely miss the giant cockroach.
The giant cockroach is almost dead.
The giant cockroach waves its antennae.
The giant cockroach completely misses you.
You barely miss the giant cockroach.
You bite the giant cockroach, but do no damage.
The giant cockroach is almost dead.
The giant cockroach closely misses you.
You hit the giant cockroach.
You kill the giant cockroach!
No target in view!
You now have 14 gold pieces.
You see here 21 bolts.
Key pressed, stopping explore.
No target in view!
You see here a kobold skeleton.
You see here a giant gecko skeleton.
l - a golden potion {!q} You see here a hand axe.
No target in view!
A bat comes into view.
Found a sedimented cyan potion.
Natasha, Servant of Life and Death comes into view.
Natasha is nearby!
Natasha hisses angrily.
Natasha is nearby!
You hit Natasha but do no damage. Natasha claws you.
You hit Natasha but do no damage. You bite Natasha, but do no damage.
Natasha claws you!
Ouch! That really hurt!
* * * LOW HITPOINT WARNING * * *
A rat comes into view.
Evoke which item? (* to show all) (? for menu, Esc to quit)
Zapping:
d - a wand of enslavement (15/24)
Press: ? - help, Shift-Dir - straight line, f - Natasha
Aim: Natasha (chance to defeat MR: 52%) Natasha resists with significant effort.
This wand has 14 charges left.
Natasha claws you.
* * * LOW HITPOINT WARNING * * *
Evoke which item? (* to show all) (? for menu, Esc to quit)
Zapping:
e - a wand of random effects (15/48)
Press: ? - help, Shift-Dir - straight line, f/p - Natasha
Aim: Natasha Natasha seems to speed up.
This wand has 14 charges left.
Natasha misses you. x2
Evoke which item? (* to show all) (? for menu, Esc to quit)
Zapping:
e - a wand of random effects (14/48)
Press: ? - help, Shift-Dir - straight line, f/p - Natasha
Aim: Natasha (fast)
The mass of ice explodes!
The iceblast engulfs Natasha.
You kill Natasha!
Natasha screams in pain as she dies!
You have reached level 3!
Your experience leads to an increase in your attributes!
Increase (S)trength, (I)ntelligence, or (D)exterity?
You feel stronger. The iceblast engulfs you!
Ouch! That really hurt!
You die...

#... ... #.#.# ...
#.... ... #.... #.#
#.... #.# #.... #.#
#..!.####.#
#.r..@..#.#########
#....##...........#
....... #........)..#
......###...........#
......+.............#
......###...........#
..... #......######
..... #......#
#......#


You could see a rat.

Vanquished Creatures
  Natasha (D:3)
  A giant gecko (D:3)
  3 bats
  2 giant cockroaches
  A goblin (D:2)
  A hobgoblin (D:2)
  2 kobolds
  A giant newt (D:3)
  2 rats (D:2)
14 creatures vanquished.

Notes
Turn   | Place    | Note
--------------------------------------------------------------
     0 | D:1      | Amnesiac the Vine Stalker Artificer began the quest for the Orb.
     0 | D:1      | Reached XP level 1. HP: 9/9 MP: 3/3
    91 | D:2      | Reached skill level 3 in Evocations
   126 | D:2      | Reached XP level 2. HP: 11/14 MP: 5/5
   209 | D:3      | Reached skill level 1 in Short Blades
   438 | D:3      | Noticed Natasha
   446 | D:3      | Killed Natasha
   446 | D:3      | Reached XP level 3. HP: 4/17 MP: 1/6
   446 | D:3      | Killed themself with a badly aimed iceblast

Skill      XL: |  1  2 |
---------------+-------+-----
Evocations     | 3 |  3.5
Short Blades   | 1 |  1.7
Fighting       | |  0.8
Dodging        | |  1.5
Stealth        | |  1.7

Action                   || total
-------------------------++-------
Melee: Short sword       ||    58
       Bite              ||     7
Evoke: Wand              ||     2
 Stab: Sleeping          ||     2
Armor: Leather armour    ||    32
Dodge: Dodged            ||    46
